 Dungeon Crawl Stone Soup version 0.18.1-8-gdd0e5ea (webtiles) character file.

1316 Gargoyl the Covered (level 8, -4/63 HPs)
             Began as a Demonspawn Abyssal Knight on May 26, 2016.
             Was an Elder of Lugonu.
             Slain by Pikel
             ... wielding a +2 whip of electrocution
              (16 damage)
             ... on level 6 of the Dungeon.
             The game lasted 00:10:26 (4519 turns).

Gargoyl the Covered (Demonspawn Abyssal Knight)     Turns: 4519, Time: 00:10:26

Health: -4/63      AC: 19    Str: 15    XL:     8   Next: 33%
Magic:  10/10      EV:  9    Int: 13    God:    Lugonu [****..]
Gold:   244        SH:  4    Dex: 15    Spells: 0 memorised, 7 levels left

rFire  . . .     SeeInvis .     A - +0 broad axe
rCold  . . .     Gourm    .     y - +0 plate armour
rNeg   . . .     Faith    .     r - +0 buckler
rPois  .         Spirit   .     D - +2 hat
rElec  .         Dismiss  .     s - +2 cloak
rCorr  .         Reflect  .     (no gloves)
SustAt .         Harm     .     (no boots)
MR     .....                    (no amulet)
Stlth  ..........               E - +4 ring of evasion
                                B - +2 ring of dexterity

@: not resistant to hostile enchantments, extremely unstealthy
A: claws 2, molten scales 1, powered by death 1, spiny 1
a: Depart the Abyss, Bend Space, Banish, Corrupt, Renounce Religion


You were on level 6 of the Dungeon.
You worshipped Lugonu.
Lugonu was greatly pleased with you.
You were not hungry.

You visited 1 branch of the dungeon, and saw 6 of its levels.
You visited the Abyss 1 time.

You collected 244 gold pieces.

Inventory:

Hand Weapons
 A - a +0 broad axe (weapon)
 G - a +0 flail
Armour
 r - a +0 buckler (worn)
 s - a +2 cloak (worn)
 y - a +0 plate armour (worn)
 D - a +2 hat (worn)
Jewellery
 B - a +2 ring of dexterity (left claw)
 E - a +4 ring of evasion (right claw)
Wands
 p - a wand of hasting (9/9)
Scrolls
 d - a scroll of teleportation
 g - 3 scrolls of remove curse
 j - a scroll of magic mapping
 m - 5 scrolls of identify
Potions
 a - 2 potions of beneficial mutation {unknown}
 f - 4 potions of brilliance
 h - a potion of heal wounds {unknown}
 i - a potion of flight {unknown}
 k - 2 potions of degeneration {unknown}
 l - a potion of cancellation {unknown}
 n - a potion of lignification {unknown}
 v - a potion of resistance {unknown}
 z - 3 potions of curing {unknown}
Books
 e - a book of Flames

   Spells                             Type                      Level
   a - Flame Tongue                   Conjuration/Fire             1
   b - Throw Flame                    Conjuration/Fire             2
   c - Conjure Flame                  Conjuration/Fire             3
   d - Inner Flame                    Hexes/Fire                   3
   e - Sticky Flame                   Conjuration/Fire             4
   f - Fireball                       Conjuration/Fire             5
 H - a book of Annihilations

   Spells                             Type                      Level
   a - Poison Arrow                   Conjuration/Poison           6
   b - Chain Lightning                Conjuration/Air              8
   c - Lehudib's Crystal Spear        Conjuration/Earth            8
   d - Glaciate                       Conjuration/Ice              9
   e - Fire Storm                     Conjuration/Fire             9
Comestibles
 b - 5 royal jellies
 c - 2 bread rations
 u - 3 meat rations
 F - 3 fruits
 I - 3 chunks of flesh


   Skills:
 + Level 5.5 Fighting
 + Level 4.5 Axes
 * Level 6.1 Armour
 + Level 2.9 Dodging
 + Level 1.1 Stealth
 + Level 1.2 Shields
 + Level 2.7 Invocations


You had 7 spell levels left.
You didn't know any spells.

Dungeon Overview and Level Annotations

Branches:
Dungeon (6/15)
 Temple: D:4-7

Altars:
Ashenzari
Dithmenos
Sif Muna
Trog
Zin

Annotations:
D:6 Pikel; euphoricsektor's ghost, novice DENe


Innate Abilities, Weirdness & Mutations

You have very sharp fingernails.
You are partially covered in molten scales (AC +1).
You regenerate a little health from kills.
You are partially covered in sharp spines.


Message History

Pikel is struck by your spines. Pikel barely misses you.
You hit Pikel but do no damage.
Pikel is almost dead.
Pikel closely misses you. x2
You barely miss Pikel.
Pikel is almost dead.
Pikel hits you with a whip of electrocution.
Your plate armour prevents you from hitting Pikel.
Pikel is almost dead.
Pikel says, "You'll feel the lick of my whip!"
Pikel is struck by your spines. Pikel hits you but does no damage.
Your plate armour prevents you from hitting Pikel.
Pikel is almost dead.
Pikel hits you but does no damage. x2; You are electrocuted!
* * * LOW HITPOINT WARNING * * *
Drink which item? (? for menu, Esc to quit)
Okay, then.
You fail to use your ability.
Pikel hits you but does no damage.
You are electrocuted!
You die...

#.# ##.## *,,**
#.# ##.## *,,**
#.####.## **,,**
#.##..## **,,**
# #....##
**,,**# ###..#
**,,,. #..#
**,,( ##.# *,,.
#@# **,,# #K#
*,,** #p## *,,*
#pp#******* *,**
#pW......,* *,*
#....##..,* *,*
**#..###**,,*
*,*
***,....***,,,*
**,*
**,,,##...,,,***
*,,*


You could see Pikel, 4 slaves and euphoricsektor's ghost.

Vanquished Creatures
  The ghost of euphoricsektor the Reanimator, a novice DENe (D:5)
  Duvessa (D:4)
  2 ogres
  2 centaurs
  The ghost of euphoricsektor the Grave Robber, an amateur DENe (D:3)
  Dowan (D:4)
  A scorpion (D:5)
  A crimson imp (D:5)
  2 hounds
  A giant frog skeleton (D:4)
  Ijyb (D:2)
  A gnoll shaman (D:4)
  2 worker ants
  A hound zombie (D:5)
  Robin (D:2)
  2 worker ant zombies (D:5)
  3 adders
  4 gnolls (D:4)
  A howler monkey skeleton (D:4)
  2 shadow imps (D:6)
  2 oozes
  5 worms
  3 dart slugs
  4 giant geckos
  7 orcs
  2 ball pythons (D:1)
  3 giant cockroaches
  16 goblins
  7 hobgoblins
  7 jackals (D:4)
  9 kobolds
  2 quokkas
  5 bats
  A giant gecko skeleton (D:5)
  5 giant newts
  11 rats
120 creatures vanquished.

Notes
Turn   | Place    | Note
--------------------------------------------------------------
     0 | Abyss:1  | Gargoyl the Demonspawn Abyssal Knight began the quest for the Orb.
     0 | Abyss:1  | Reached XP level 1. HP: 18/18 MP: 2/2
    97 | Abyss:1  | Noticed a bone dragon
   124 | Abyss:1  | Noticed a sixfirhy
   130 | D:1      | Escaped the Abyss
   435 | D:1      | Reached skill level 1 in Dodging
   522 | D:1      | Reached * piety under Lugonu
   529 | D:1      | Gained mutation: You have sharp fingernails. [demonic ancestry]
   529 | D:1      | Reached XP level 2. HP: 19/24 MP: 4/4
   625 | D:1      | Reached skill level 2 in Armour
   949 | D:1      | Gained mutation: You regenerate a little health from kills. [demonic ancestry]
   949 | D:1      | Reached XP level 3. HP: 29/29 MP: 5/5
  1172 | D:2      | Noticed Ijyb
  1194 | D:2      | Killed Ijyb
  1241 | D:2      | Reached XP level 4. HP: 26/37 MP: 6/6
  1262 | D:2      | Reached ** piety under Lugonu
  1299 | D:2      | Noticed Robin
  1321 | D:2      | Killed Robin
  1577 | D:2      | Found a glowing silver altar of Zin.
  1945 | D:3      | Found a bloodstained altar of Trog.
  1959 | D:3      | Reached skill level 3 in Armour
  2024 | D:3      | Gained mutation: You are partially covered in molten scales (AC +1). [demonic ancestry]
  2024 | D:3      | Reached XP level 5. HP: 42/42 MP: 7/7
  2148 | D:3      | Found a faded altar to an unknown god.
  2173 | D:3      | Noticed euphoricsektor's ghost (amateur DENe)
  2488 | D:4      | Noticed a centaur
  2493 | D:4      | Reached *** piety under Lugonu
  2514 | D:4      | Killed a centaur
  2514 | D:4      | Gained mutation: You are partially covered in sharp spines. [demonic ancestry]
  2514 | D:4      | Reached XP level 6. HP: 37/48 MP: 8/8
  2713 | D:4      | Noticed Dowan
  2724 | D:4      | Noticed Duvessa
  2728 | D:4      | Killed Duvessa
  2728 | D:4      | Reached skill level 4 in Armour
  2730 | D:4      | Killed Dowan
  3088 | D:3      | Killed euphoricsektor's ghost
  3224 | D:4      | Reached XP level 7. HP: 50/55 MP: 9/9
  3357 | D:4      | Found a shattered altar of Ashenzari.
  3420 | D:4      | Found a deep blue altar of Sif Muna.
  3658 | D:5      | Entered Level 5 of the Dungeon
  3658 | D:5      | Found a shadowy altar of Dithmenos.
  3754 | D:5      | Reached skill level 1 in Shields
  3925 | D:5      | Reached skill level 5 in Armour
  4019 | D:5      | Noticed euphoricsektor's ghost (novice DENe)
  4025 | D:5      | Killed euphoricsektor's ghost
  4025 | D:5      | Reached skill level 5 in Fighting
  4025 | D:5      | Gained mutation: You have very sharp fingernails. [demonic ancestry]
  4025 | D:5      | Reached XP level 8. HP: 57/62 MP: 10/10
  4342 | D:5      | Reached skill level 1 in Stealth
  4377 | D:6      | Reached skill level 6 in Armour
  4384 | D:6      | Reached **** piety under Lugonu
  4493 | D:6      | Noticed Pikel
  4494 | D:6      | Noticed euphoricsektor's ghost (novice DENe)
  4519 | D:6      | Slain by Pikel

Skill      XL: |  1  2  3  4  5  6  7  8 |
---------------+-------------------------+-----
Dodging        | 1 2 |  2.9
Armour         | 2 3 4 5 6 |  6.1
Axes           | 2 3 4 |  4.5
Fighting       | 4 5 |  5.5
Shields        | 1 |  1.2
Stealth        | 1 |  1.1
Invocations    | |  2.7

Action                   |  1- 3 |  4- 6 |  7- 9 || total
-------------------------+-------+-------+-------++-------
Melee: Hand axe          |    94 |   182 |       ||   276
       Broad axe         |       |    37 |   106 ||   143
Invok: Depart the Abyss  |     1 |       |       ||     1
  Use: Potion            |       |     2 |       ||     2
       Scroll            |       |     4 |     9 ||    13
  Eat: Chunk             |     1 |     6 |     6 ||    13
Armor: Ring mail         |    18 |       |       ||    18
       Chain mail        |    43 |   208 |       ||   251
       Plate armour      |       |    31 |    78 ||   109
Dodge: Dodged            |    50 |    96 |    39 ||   185
Block: Buckler           |       |    35 |     9 ||    44
